 Dungeon Crawl Stone Soup version 0.26-a0-854-gdc81c2f471 (webtiles) character file.

Game seed: 2258260095727505293

289 Gezukamaru the Sneak (level 6, -2/32 HPs)
             Began as a Spriggan Brigand on Nov 22, 2020.
             Was an Initiate of Dithmenos.
             Slain by a worker ant (4 damage)
             ... on level 4 of the Dungeon.
             The game lasted 00:13:10 (3705 turns).

Gezukamaru the Sneak (Spriggan Brigand)             Turns: 3705, Time: 00:13:11

Health: -2/32      AC:  3    Str:  7    XL:     6   Next: 9%
Magic:  10/10      EV: 22    Int: 13    God:    Dithmenos [......]
Gold:   226        SH:  0    Dex: 19    Spells: 6/9 levels left

rFire    . . .     SeeInvis +   a - +2 dagger
rCold    . . .     Faith    .   (shield restricted)
rNeg     . . .     Spirit   .   b - +0 robe
rPois    .         Reflect  .   (helmet restricted)
rElec    .         Harm     .   c - +0 cloak
rCorr    .         Rampage  .   (gloves unavailable)
MR       ++...                  (boots unavailable)
Stlth    +++.......             (no amulet)
HPRegen  0.10/turn              o - +4 ring of evasion
MPRegen  0.12/turn              s - ring of protection from magic

@: lethally poisoned (-2 -> -11), attractive, very quick
A: very small, unfitting armour, see invisible, speed 3
a: Renounce Religion


You were on level 4 of the Dungeon.
You worshipped Dithmenos.
Dithmenos was noncommittal.
You visited 2 branches of the dungeon, and saw 5 of its levels.

You collected 226 gold pieces.

Inventory:

Hand Weapons
 a - a +2 dagger (weapon)
 p - a +2 dagger of distortion
Missiles
 d - 43 poisoned darts (quivered)
 e - 2 curare-tipped darts
Armour
 b - a +0 robe (worn)
 c - a +0 cloak (worn)
Jewellery
 o - a +4 ring of evasion (left hand)
 s - a ring of protection from magic (right hand)
Scrolls
 f - 5 scrolls of remove curse
 g - 5 scrolls of identify {unknown}
 h - a scroll of enchant armour {unknown}
 i - a scroll of blinking {unknown}
 j - 3 scrolls of enchant weapon {unknown}
 l - a scroll of magic mapping {unknown}
 q - 2 scrolls of teleportation {unknown}
 u - a scroll of amnesia {unknown}
Potions
 k - a potion of attraction
 n - a potion of invisibility {unknown}
 r - a potion of heal wounds {unknown}
 t - a potion of cancellation {unknown}
 v - a potion of might {unknown}


   Skills:
 + Level 3.1 Fighting
 + Level 4.2 Short Blades
 - Level 2.0 Throwing
 + Level 3.0 Dodging
 + Level 6.0 Stealth
 - Level 2.0 Spellcasting
 + Level 2.9 Hexes


You had 6 spell levels left.
You knew the following spells:

 Your Spells              Type           Power        Failure   Level
a - Confusing Touch       Hex            #.......     24%         3

Your spell library contained the following spells:

 Spells                   Type           Power        Failure   Level
 Gell's Gravitas          Tloc           #.........   58%         3
 Petrify                  Tmut/Erth      #.......     94%         4
 Metabolic Englaciation   Hex/Ice        #.........   98%         5
 Yara's Violent Unravell  Hex/Tmut       #.........   98%         5


Dungeon Overview and Level Annotations

Branches:
Dungeon (4/15)             Temple (1/1) D:4

Altars:
Dithmenos
Gozag
Hepliaklqana
Kikubaaqudgha
Makhleb
Ru
Trog
Vehumet
Wu Jian
Yredelemnul
Zin
The Shining One

Shops:
D:4 *

Annotations:
D:2 1 runed translucent door


Innate Abilities, Weirdness & Mutations

You are very small and have problems with some larger weapons.
You are too small for most types of armour.
You have supernaturally acute eyesight. (SInv)
You cover ground extremely quickly.


Message History

You feel sick. The worker ant completely misses you.
You hit the worker ant.
The worker ant is severely wounded.
The worker ant bites you.
* * * LOW HITPOINT WARNING * * *
You are more poisoned.
The worker ant poisons you!
You hit the worker ant.
The worker ant is almost dead.
* * * LOW HITPOINT WARNING * * *
You feel sick.
You barely miss the worker ant.
The worker ant is almost dead.
* * * LOW HITPOINT WARNING * * *
You feel sick. The worker ant misses you.
You hit the worker ant.
The worker ant is almost dead.
* * * LOW HITPOINT WARNING * * *
You feel sick. The worker ant bites you.
You die...

.............#....#..#......
#.........#....#....##...####
..........##......>......#
..........##...##....#.....
..........##..#..#....#..###
#####.........# #....#.#..#..#
.............†# ##..#...##.....
.............†#####........###.
.......####.....@B...........
......)# #........#....##..#
.......# #........#..........
.......####........#...####..#
#######............#...# .#
#.†..........#...#
#......##........#
#......##......###
#......##......#


You could see a worker ant.

Vanquished Creatures
  A scorpion (D:4)
  An orc priest (D:3)
  An orc wizard (D:3)
  An iguana (D:2)
  2 worker ants (D:4)
  3 adders
  A worm (D:3)
  A leopard gecko (D:3)
  3 orcs (D:3)
  7 bats
  5 giant cockroaches
  6 goblins
  9 hobgoblins
  16 jackals
  3 quokkas
  4 frilled lizards
  A goblin zombie (D:2)
  6 kobolds
  A leopard gecko skeleton (D:3)
  3 rats
75 creatures vanquished.

Vanquished Creatures (others)
  3 plants (D:1)
3 creatures vanquished.

Grand Total: 78 creatures vanquished

Notes
Turn   | Place    | Note
-------+----------+-------------------------------------------
     0 | D:1      | Gezukamaru the Spriggan Brigand began the quest for the
                  | Orb.
     0 | D:1      | Reached XP level 1. HP: 10/10 MP: 2/2
   107 | D:1      | Reached skill level 6 in Stealth
   119 | D:1      | Reached XP level 2. HP: 7/15 MP: 3/3
  1119 | D:2      | Noticed a human
  1145 | D:2      | Found a runed translucent door.
  1211 | D:2      | Reached XP level 3. HP: 9/18 MP: 4/4
  1582 | D:2      | Reached skill level 1 in Spellcasting
  1614 | D:2      | Learned a level 3 spell: Confusing Touch
  1843 | D:2      | Reached XP level 4. HP: 5/23 MP: 5/7
  2162 | D:2      | Found a basalt altar of Yredelemnul.
  2692 | D:3      | Reached skill level 1 in Hexes
  3048 | D:3      | Reached XP level 5. HP: 18/27 MP: 9/9
  3464 | D:4      | Found Boda's Assorted Antiques.
  3555 | D:4      | Found a staircase to the Ecumenical Temple.
  3569 | Temple   | Entered the Ecumenical Temple
  3578 | Temple   | Became a worshipper of Dithmenos the Shadowed
  3618 | D:4      | Reached XP level 6. HP: 30/32 MP: 10/10
  3705 | D:4      | Slain by a worker ant

Illustrated notes

Levels and vault maps discovered:
D:1:      moated_graveyard_arrival, layout_rooms, chequers_big_river
D:2:      layout_basic, dk_yredelemnul_ordeal
D:3:      layout_loops_ring
D:4:      layout_basic, minmay_temple_entry_mini_moons, serial_shops,
          nicolae_shop_overgrown_old_shop
Temple:   cyrus_circular_temple

Skill      XL: |  1  2  3  4  5 |
---------------+----------------+-----
Stealth        | 6 |  6.0
Dodging        | 2 3 |  3.0
Fighting       | 2 3 |  3.1
Spellcasting   | 1 2 |  2.0
Short Blades   | 3 4 |  4.2
Hexes          | 1 2 |  2.9
Throwing       | |  2.0

Action                   |  1- 3 |  4- 6 || total
-------------------------+-------+-------++-------
Melee: Dagger            |   155 |   185 ||   340
Throw: Dart              |    16 |     4 ||    20
  Use: Scroll            |       |     1 ||     1
       Potion            |       |     2 ||     2
 Stab: Sleeping          |     3 |    10 ||    13
       Distracted        |       |     1 ||     1
Armor: Robe              |    26 |    14 ||    40
Dodge: Dodged            |   108 |   161 ||   269

Table legend: (Time is in decaauts)
 A = Elapsed time spent in this place.
 B = Non-inter-level travel time spent in this place.
 C = Inter-level travel time spent in this place.
 D = Time resting spent in this place.
 E = Time spent auto-exploring this place.
 F = Levels seen in this place.
 G = Mean time per level.
                   A        B        C        D        E       F      G
               +--------+--------+--------+--------+--------+-----+--------+
         Total |   2850 |   2789 |     61 |    786 |   1358 |   5 |  570.0 |
       Dungeon |   2838 |   2783 |     55 |    786 |   1356 |   4 |  709.5 |
        Temple |     12 |      7 |      5 |      0 |      1 |   1 |   12.0 |
               +--------+--------+--------+--------+--------+-----+--------+

Top non-repeatable levels by time:
     D:2: 1084 daAuts
     D:3: 779 daAuts
     D:1: 718 daAuts
     D:4: 256 daAuts
  Temple: 12 daAuts
